AoeStats
← A Casa Gordito

Arena

509737280Analyzed
4v4 RM · 5d ago on Sep 27, 2026· 44m 32s· 8 players
Game mode
Random Map
Map size
Large (8 player)
Population
200
Speed
Normal
Resources
Standard
Victory
Conquest
Starting age
Dark Age
Ending age
Imperial Age
RankedLock teamsTeams togetherTeam positionsShared explorationLock speedFull tech treeHidden civsTurbo modeCheats
Victory
Defeat
🇳🇴 Bohemians · Norway
1026
+36
🇺🇸 Sicilians · United States
998
+16
🇬🇧 Britons · United Kingdom
991
+17
🇦🇷 Khmer · Argentina
977
+17
🇺🇾 Britons · Uruguay
1061
-19
🇺🇾 Lithuanians · Uruguay
1005
-16
🇺🇾 Varangians · Uruguay
983
-15
🇺🇾 Teutons · Uruguay
974
-41
NandoF26
0:28 Loom
12:02 Feudal Age
17:48 Castle Age
17:01 Horse Collar
17:08 Double-Bit Axe
19:18 Fletching
21:12 Ballistics
21:06 Town Watch
23:15 Murder Holes
24:21 Bodkin Arrow
24:29 Padded Archer Armor
24:44 Gold Mining
24:56 Scale Mail Armor
24:57 Pikeman
28:46 Leather Archer Armor
28:54 Stone Mining
29:55 Wheelbarrow
29:40 Bow Saw
30:30 Heavy Plow
35:05 Imperial Age
34:48 Chain Mail Armor
34:43 Forging
37:55 Town Patrol
38:11 Hand Cart
41:10 Iron Casting
40:41 Scale Barding Armor
41:08 Plate Mail Armor
41:17 Gold Shaft Mining
41:19 Stone Shaft Mining
42:55 Halberdier
43:01 Elite Serjeant
44:50 Hoardings
44:41 Masonry
45:19 Conscription
tomahawk
10:31 Feudal Age
10:57 Double-Bit Axe
10:55 Horse Collar
19:52 Castle Age
19:02 Forging
18:58 Scale Barding Armor
18:49 Gold Mining
20:14 Fletching
20:02 Light Cavalry
22:12 Iron Casting
22:14 Loom
26:14 Wheelbarrow
28:12 Gold Shaft Mining
27:51 Bow Saw
27:44 Heavy Plow
33:54 Imperial Age
31:52 Stone Mining
32:33 Ballistics
32:20 Bodkin Arrow
32:26 Padded Archer Armor
33:15 Fortified Wall
33:18 Husbandry
34:34 Yeomen
36:42 Warwolf
38:32 Warwolf
39:28 Elite Longbowman
41:53 Blast Furnace
41:14 Chain Barding Armor
43:53 Hand Cart
nilsS
0:31 Loom
10:33 Feudal Age
16:15 Castle Age
14:17 Double-Bit Axe
14:26 Horse Collar
16:07 Wheelbarrow
17:29 Bow Saw
17:25 Heavy Plow
20:50 Gold Mining
23:13 Gold Shaft Mining
23:02 Hand Cart
23:34 Stone Mining
25:02 Stone Shaft Mining
26:44 Forging
26:39 Scale Barding Armor
26:47 Bloodlines
26:38 Husbandry
29:54 Imperial Age
27:23 Fletching
29:23 Iron Casting
29:08 Chain Barding Armor
30:30 Ballistics
31:32 Conscription
30:33 Elite Ballista Elephant
31:53 Double Crossbow
32:17 Tusk Swords
32:45 Elite Battle Elephant
33:12 Capped Ram
35:05 Chemistry
36:32 Blast Furnace
36:07 Plate Barding Armor
36:15 Crop Rotation
36:45 Bodkin Arrow
36:58 Siege Engineers
38:17 Masonry
39:08 Bracer
38:39 Light Cavalry
39:42 Hussar
40:25 Padded Archer Armor
40:25 Scale Mail Armor
SiegeGodlys
9:58 Feudal Age
9:26 Loom
13:51 Castle Age
12:13 Double-Bit Axe
12:58 Horse Collar
16:00 Fervor
19:12 Heavy Plow
20:34 Wheelbarrow
21:52 Bow Saw
24:36 Hand Cart
27:52 Chemistry
30:32 Imperial Age
27:26 Pikeman
28:06 Squires
27:52 Arson
28:13 Wagenburg Tactics
29:12 Forging
29:02 Scale Mail Armor
30:35 Iron Casting
30:39 Houfnice
30:41 Halberdier
31:30 Siege Engineers
32:25 Chain Mail Armor
34:04 Blast Furnace
33:36 Plate Mail Armor
44:08 Conscription
cev7
10:43 Feudal Age
16:05 Castle Age
14:40 Horse Collar
20:28 Town Watch
23:35 Squires
26:07 Forging
25:57 Scale Mail Armor
26:49 Wheelbarrow
30:16 Imperial Age
28:09 Elite Skirmisher
29:04 Gambesons
29:57 Iron Casting
29:37 Chain Mail Armor
30:06 Padded Archer Armor
32:36 Hand Cart
36:26 Chemistry
38:59 Blast Furnace
38:14 Chain Mail Armor
39:09 Pikeman
42:33 Chain Mail Armor
Vincun
10:43 Feudal Age
13:01 Loom
16:18 Castle Age
14:10 Horse Collar
14:55 Double-Bit Axe
19:47 Heavy Plow
20:00 Bow Saw
23:55 Gold Mining
24:40 Stone Mining
26:39 Husbandry
26:50 Bloodlines
30:09 Wheelbarrow
29:24 Town Watch
33:20 Imperial Age
31:20 Scale Barding Armor
31:05 Fletching
31:42 Forging
32:52 Hand Cart
33:03 Chain Barding Armor
34:33 Conscription
33:41 Light Cavalry
33:45 Cavalier
36:01 Light Cavalry
36:15 Elite Skirmisher
37:39 Elite Skirmisher
41:32 Bodkin Arrow
Danubio Futbol Club
10:55 Feudal Age
12:25 Loom
15:29 Castle Age
15:46 Forging
15:36 Scale Mail Armor
19:33 Horse Collar
22:20 Iron Casting
22:00 Chain Mail Armor
22:36 Double-Bit Axe
29:59 Imperial Age
29:02 Bloodlines
30:50 Murder Holes
33:33 Conscription
33:18 Husbandry
37:46 Blast Furnace
39:08 Fletching
39:18 Padded Archer Armor
40:04 Crossbowman
42:11 Chemistry
A Casa Gordito
11:24 Feudal Age
15:55 Castle Age
14:49 Double-Bit Axe
14:45 Horse Collar
18:49 Bow Saw
18:45 Heavy Plow
24:52 Wheelbarrow
24:33 Gold Mining
25:02 Stone Mining
26:16 Hand Cart
26:50 Gold Shaft Mining
30:55 Imperial Age
29:18 Fletching
29:28 Padded Archer Armor
29:46 Loom
29:47 Town Watch
30:56 Bodkin Arrow
31:16 Leather Archer Armor
31:11 Forging
31:01 Scale Mail Armor
31:15 Town Patrol
32:15 Conscription
31:16 Elite Longbowman
32:59 Chemistry
32:20 Ballistics
32:05 Siege Engineers
32:05 Bracer
31:29 Pikeman
32:10 Squires
31:55 Arson
33:12 Two-Man Saw
32:21 Halberdier
33:43 Conscription
32:43 Elite Longbowman
34:55 Ring Archer Armor
35:01 Iron Casting
34:41 Chain Mail Armor
34:52 Warwolf
39:59 Blast Furnace
39:29 Plate Mail Armor
39:50 Fortified Wall
40:10 Onager
Connection lost

Rejoining the realm…

Still unreachable

The connection could not be restored.

Session expired

The server has moved on; the page needs a fresh start.